 Dungeon Crawl Stone Soup version 0.31-a0-174-g85c54bcb58 (webtiles) character file.

Game seed: 292947612168529657

329 qw the Shooter (level 6, 0/38 HPs)
             Began as a Gargoyle Hunter on June 15, 2023.
             Was an Initiate of Okawaru.
             Slain by an orc
             ... wielding a +0 trident
              (7 damage)
             ... on level 4 of the Dungeon.
             The game lasted 00:01:08 (2815 turns).

qw the Shooter (Gargoyle Hunter)                    Turns: 2815, Time: 00:01:08

Health: 0/38       AC: 12    Str: 14    XL:     6   Next: 51%
Magic:  6/6        EV: 11    Int: 10    God:    Okawaru [......]
Gold:   93         SH:  0    Dex: 15    Spells: 5/5 levels left

rFire   . . .        Y - +1 shortbow (chaos)
rCold   . . .        (shield currently unavailable)
rNeg    + . .        c - +0 leather armour
rPois   inf          b - +0 helmet
rElec   +            d - +0 cloak
rCorr   .            h - +2 pair of gloves
SInv    .            (no boots)
Will    .....        (no amulet)
Stlth   ++           (no ring)
HPRegen 0.26/turn    (no ring)
MPRegen 0.10/turn

%: no passive effects
@: no status effects
A: sickness immunity, AC +4, negative energy resistance 1, electricity
resistance, torment resistance 1, petrification resistance
a: Renounce Religion


You were on level 4 of the Dungeon.
You worshipped Okawaru.
Okawaru was noncommittal.
You visited 2 branches of the dungeon, and saw 5 of its levels.

You collected 93 gold pieces.


Innate Abilities, Weirdness & Mutations

You are immune to sickness and miasma.
Your stone body is resilient. (AC +4)
You are immune to poison.
You resist negative energy. (rN+)
You are resistant to electric shocks. (rElec)
You are resistant to unholy torment.
You are immune to petrification.


   Skills:
 - Level 4.2 Fighting
 + Level 6.5 Ranged Weapons
 - Level 1.6 Armour
 - Level 1.5 Dodging
 - Level 1.1 Stealth


You had 5 spell levels left.
You didn't know any spells.
Your spell library was empty.

Inventory:

Hand Weapons
 Y - a +1 shortbow of chaos (weapon)
Armour
 b - a +0 helmet (worn)
 c - a +0 leather armour (worn)
 d - a +0 cloak (worn)
 h - a +2 pair of gloves (worn)
Scrolls
 j - a scroll of identify
Potions
 a - 2 potions of attraction
 e - a potion of haste
 f - a potion of mutation
 g - a potion of magic

Dungeon Overview and Level Annotations

Branches:
Dungeon (4/15)             Temple (1/1) D:4

Altars:
Cheibriados
Dithmenos
Elyvilon
Fedhas
Hepliaklqana
Kikubaaqudgha
Makhleb
Nemelex Xobeh
Okawaru
Qazlal
Ru
Sif Muna
Trog
Uskayaw
Wu Jian
Yredelemnul
Zin
The Shining One


Message History

The orc hits you with a +1 dagger of speed.
You shoot an arrow. The arrow completely misses the orc.
The orc hits you but does no damage.
The orc priest invokes the aid of Beogh against you.
Beogh smites you!
You shoot an arrow. The arrow barely misses the orc.
The orc closely misses you. The orc barely misses you.
A gnoll comes into view. It is wielding a +0 spear.
You shoot an arrow. The gnoll shouts!
The arrow hits the orc!
You kill the orc!
Okawaru accepts your kill.
You shoot an arrow. The arrow hits the gnoll.
The arrow burns the gnoll.
The gnoll is lightly wounded.
The gnoll hits you with a +0 spear. The gnoll closely misses you.
The orc barely misses you.
You shoot an arrow. The arrow hits the gnoll!
The arrow burns the gnoll.
The gnoll is severely wounded.
The gnoll hits you from afar with a +0 spear!
The orc hits you but does no damage.
You shoot an arrow. The arrow hits the gnoll!
You kill the gnoll!
Okawaru accepts your kill.
The gnoll hits you from afar with a +0 spear.
The orc hits you from afar with a +0 trident.
2811 ||| Stepping ~*~*~tactically~*~*~ (outnumbered).
You shoot an arrow. The arrow barely misses the gnoll.
The gnoll hits you but does no damage. The gnoll completely misses you.
You shoot an arrow. The arrow hits the gnoll.
The gnoll is moderately wounded.
The gnoll hits you but does no damage.
You shoot an arrow. The arrow hits the gnoll!
The arrow freezes the gnoll.
You kill the gnoll!
Okawaru accepts your kill.
The orc priest invokes the aid of Beogh against you.
Pain shoots through your body!
You shoot an arrow. The arrow closely misses the orc.
The orc hits you from afar with a +0 trident!
You die...

##########....).#
##..(##...###%####..
#...................
#.###'###.......####
# #.....#.......#
#.###.#.......#
+.#>#.+.......#
#.#'#.#.......#
#@.)..#.......#
###o########### ....
....... ..........
..?........
............
......)......


You could see an orc.

Vanquished Creatures
  2 vampire bats (D:3)
  An orc priest (D:4)
  2 iguanas
  Jessica (D:2)
  3 gnolls
  3 adders
  A worm (D:2)
  3 dart slugs
  2 orcs (D:4)
  6 bats
  5 bat skeletons (D:3)
  A bat zombie (D:3)
  11 endoplasms
  A giant cockroach (D:2)
  A goblin (D:1)
  8 hobgoblins
  9 kobolds
  5 quokkas
  8 ball pythons
  4 frilled lizards
  5 rats
82 creatures vanquished.

Notes
Turn   | Place    | Note
-------+----------+-------------------------------------------
     0 | D:1      | qw the Gargoyle Hunter began the quest for the Orb.
     0 | D:1      | Reached XP level 1. HP: 12/12 MP: 1/1
     0 | D:1      | 0 ||| qw: Version: 0.2-a-29-g511e9b1
     0 | D:1      | 0 ||| qw: Game counter: 5283
     0 | D:1      | 0 ||| qw: Always use a shield: true
     0 | D:1      | 0 ||| qw: God list: Okawaru
     0 | D:1      | 0 ||| qw: Allow faded altars: false
     0 | D:1      | 0 ||| qw: Do Orc after D:15 true
     0 | D:1      | 0 ||| qw: Do second Lair branch before Depths: true
     0 | D:1      | 0 ||| qw: Lair rune preference: random
     0 | D:1      | 0 ||| qw: Plans: Normal, Zot:1-4, Slime:5, God:TSO, Crypt,
                  | Tomb, Abyss, Pan, Hells, Win
     0 | D:1      | 0 ||| PLANNING D:1-11
   109 | D:1      | Reached XP level 2. HP: 17/17 MP: 2/2
   166 | D:1      | Reached XP level 3. HP: 21/21 MP: 3/3
   176 | D:1      | Reached skill level 5 in Ranged Weapons
   554 | D:1      | 554 ||| UPGRADING to +0 cloak.
   559 | D:1      | 559 ||| READING scroll labelled UNUMUSHR EMUE.
   560 | D:1      | 560 ||| READING scroll labelled LUTWOZX QYLIRR.
   564 | D:1      | 564 ||| READING scroll labelled MIEJIE QIELU.
   565 | D:1      | 565 ||| READING scroll labelled ARICWE KABBA.
   566 | D:1      | 566 ||| READING scroll labelled BYWUOL GATAQATS.
   567 | D:1      | 567 ||| READING scroll labelled QEUHEAHIAC.
   568 | D:1      | 568 ||| DROPPING scroll of butterflies.
   590 | D:2      | Reached skill level 3 in Fighting
   684 | D:2      | Noticed Jessica
   689 | D:2      | Killed Jessica
   690 | D:2      | Reached XP level 4. HP: 23/28 MP: 4/4
   690 | D:2      | 690 ||| FLEEEEING.
   697 | D:2      | 697 ||| FLEEEEING.
   698 | D:2      | 698 ||| FLEEEEING.
   747 | D:2      | Identified the +1 dagger of Yzxeyqea {holy, rElec rCorr
                  | Int-5 Stlth+}
  1163 | D:2      | 1163 ||| UPGRADING to +0 helmet.
  1168 | D:2      | 1168 ||| UPGRADING to +2 pair of gloves.
  1173 | D:2      | 1173 ||| READING scroll labelled ROGROT LAO.
  1174 | D:2      | 1174 ||| READING scroll labelled MESAZERCHETH.
  1175 | D:2      | 1175 ||| DRINKING 3 glowing puce potions.
  1176 | D:2      | 1176 ||| DRINKING 2 brown potions.
  1258 | D:3      | Reached skill level 1 in Armour
  1258 | D:3      | Reached XP level 5. HP: 22/32 MP: 5/5
  1682 | D:3      | Found an ancient bone altar of Kikubaaqudgha.
  1684 | D:3      | Reached skill level 6 in Ranged Weapons
  1694 | D:3      | Reached XP level 6. HP: 38/38 MP: 6/6
  2444 | D:3      | 2444 ||| DROPPING +6 ring of intelligence.
  2445 | D:3      | 2445 ||| DROPPING ring of wizardry.
  2446 | D:3      | 2446 ||| READING scroll labelled CASCHY ZEBLYGO.
  2447 | D:3      | 2447 ||| READING scroll labelled NAOP ANIXTURR.
  2448 | D:3      | 2448 ||| READING scroll labelled KYIGEXKAKE.
  2449 | D:3      | 2449 ||| READING scroll labelled CITREROUSA.
  2450 | D:3      | 2450 ||| READING 2 scrolls of identify.
  2450 | D:3      | 2450 ||| IDENTIFYING bubbling emerald potion
  2566 | D:4      | Found a staircase to the Ecumenical Temple.
  2567 | D:4      | 2567 ||| PLANNING TEMPLE
  2567 | D:4      | 2567 ||| READING 2 scrolls of identify.
  2567 | D:4      | 2567 ||| IDENTIFYING lumpy yellow potion
  2578 | Temple   | Entered the Ecumenical Temple
  2663 | Temple   | 2663 ||| PLANNING OKAWARU WORSHIP
  2757 | Temple   | Became a worshipper of Warmaster Okawaru
  2758 | Temple   | 2758 ||| PLANNING D:1-11
  2800 | D:4      | 2800 ||| Stepping ~*~*~tactically~*~*~ (outnumbered).
  2803 | D:4      | 2803 ||| Stepping ~*~*~tactically~*~*~ (outnumbered).
  2811 | D:4      | 2811 ||| Stepping ~*~*~tactically~*~*~ (outnumbered).
  2814 | D:4      | HP: 7/38 [orc priest/nerve-wracking pain (4)]
  2815 | D:4      | Slain by an orc

Levels and vault maps discovered:
D:1:      matt_arrival_refuge, layout_basic, minmay_heptomino_w4
D:2:      layout_basic, uniq_jessica
D:3:      wad_lake_hut, layout_basic, kennysheep_vampire_church,
          kennysheep_generic_room_8
D:4:      layout_gridville, minmay_temple_entry_glassed_door,
          biasface_ghost_orc_armoury, kennysheep_generic_room_15
Temple:   bh_familiar_temple

Skill      XL: |  1  2  3  4  5  6 |
---------------+-------------------+-----
Ranged Weapons | 5 6 |  6.5
Fighting       | 3 4 |  4.2
Armour         | 1 |  1.6
Dodging        | |  1.5
Stealth        | |  1.1

Action                     |  1- 3 |  4- 6 || total
---------------------------+-------+-------++-------
   Fire: Shortbow          |   102 |   134 ||   236
    Use: Scroll            |     6 |     8 ||    14
         Potion            |       |     2 ||     2
 Armour: Leather armour    |     8 |    40 ||    48
  Dodge: Dodged            |    14 |    43 ||    57

Table legend:
 A = Non-vault XP
 B = Vault XP
 C = Vault XP percentage of total XP
 D = Non-vault monster count
 E = Vault monster count
 F = Vault count percentage of total count
                 A         B        C        D         E       F
            +---------+---------+-------+---------+---------+-------
      Total |     303 |     168 |  35.7 |      65 |      17 |  20.7
            +---------+---------+-------+---------+---------+-------
        D:1 |      57 |      10 |  14.9 |      26 |       6 |  18.8
        D:2 |      46 |      37 |  44.6 |      17 |       1 |   5.6
        D:3 |      71 |     121 |  63.0 |      13 |      10 |  43.5
        D:4 |     129 |       0 |   0.0 |       9 |       0 |   0.0
            +---------+---------+-------+---------+---------+-------
